[Event "2nd European Youth GP 2017"]
[Site "Jermuk"]
[Date "2017.10.05"]
[Round "1"]
[White "Kaasen, Tor Fredrik"]
[Black "Zarubitski, Viachaslau"]
[Result "0-1"]
[ECO "D00"]
[WhiteElo "2371"]
[BlackElo "2311"]
[Annotator "NA"]
[PlyCount "58"]
[EventDate "2017.??.??"]
[EventType "tourn"]
[EventCountry "ARM"]
[SourceTitle "playchess.com"]
[Source "ChessBase"]
[SourceQuality "1"]
[TimeControl "5400+30"]

1. d4 d5 2. Bf4 Nf6 3. e3 c5 4. Nf3 e6 5. Nbd2 Nc6 6. c3 Bd6 7. Bg3 O-O 8. Bd3 Qe7 9. Qe2 Bxg3 10. hxg3 e5 11. Nxe5 Nxe5 12. Bxh7+ Nxh7 13. Qh5 Bf5 14. Qxf5 Ng6 15. O-O-O Qe6 16. Qc2 cxd4 17. exd4 Rfe8 18. f4 Qe3 19. Rh3 Nf6 20. Qf5 Ne4 21. Qh5 Rac8 22. g4 Qxf4 23. Rf3 Qd6 24. Rh1 Nxd2 25. Kxd2 Re4 26. Qh7+ Kf8 27. Rhf1 Rc7 28. g5 Rh4 29. Rf6 gxf6 0-1

[Event "2nd European Youth GP 2017"]
[Site "Jermuk"]
[Date "2017.10.05"]
[Round "1"]
[White "Gharibyan, Mamikon"]
[Black "Nesterov, Arseniy"]
[Result "1-0"]
[ECO "E19"]
[WhiteElo "2346"]
[BlackElo "2350"]
[Annotator "NA"]
[PlyCount "79"]
[EventDate "2017.??.??"]
[EventType "tourn"]
[EventCountry "ARM"]
[SourceTitle "playchess.com"]
[Source "ChessBase"]
[SourceQuality "1"]
[TimeControl "5400+30"]

1. d4 Nf6 2. Nf3 e6 3. c4 b6 4. g3 Bb7 5. Bg2 Be7 6. O-O O-O 7. Nc3 Ne4 8. Qc2 Nxc3 9. Qxc3 c5 10. Rd1 d6 11. Be3 Nd7 12. Qc2 Rb8 13. Rac1 f5 14. Qa4 a6 15. dxc5 Nxc5 16. Qc2 Be4 17. Qd2 Qc8 18. Bg5 Bxg5 19. Qxg5 Qc7 20. b4 Bxf3 21. exf3 Nb7 22. Qe3 e5 23. f4 a5 24. a3 axb4 25. axb4 Kh8 26. Bd5 Nd8 27. c5 bxc5 28. bxc5 e4 29. c6 h6 30. Rd2 Re8 31. Ra2 Rb6 32. Ra8 Re7 33. Rca1 Kh7 34. R1a7 Rb1+ 35. Kg2 Ne6 36. Bxe4 Rb5 37. Rxc7 Nxc7 38. Bxf5+ Rxf5 39. Qxe7 Nxa8 40. Qd8 1-0

[Event "2nd European Youth GP 2017"]
[Site "Jermuk"]
[Date "2017.10.05"]
[Round "1"]
[White "Kacharava, Nikolozi"]
[Black "Shubin, Kirill"]
[Result "1-0"]
[ECO "C03"]
[WhiteElo "2206"]
[BlackElo "2359"]
[Annotator "NA"]
[PlyCount "67"]
[EventDate "2017.??.??"]
[EventType "tourn"]
[EventCountry "ARM"]
[SourceTitle "playchess.com"]
[Source "ChessBase"]
[SourceQuality "1"]
[TimeControl "5400+30"]

1. e4 e6 2. d4 d5 3. Nd2 Be7 4. Bd3 c5 5. dxc5 Nf6 6. Qe2 O-O 7. Ngf3 a5 8. O-O Na6 9. e5 Nd7 10. c4 Naxc5 11. Bc2 b6 12. Rd1 Ba6 13. b3 Nb8 14. Bb2 Nc6 15. Rac1 Qe8 16. Qe3 h6 17. cxd5 exd5 18. Nf1 Ne6 19. Ng3 Bc5 20. Qd2 d4 21. Be4 Rc8 22. a3 Bb5 23. Nf5 f6 24. Nd6 Bxd6 25. exd6 Qd7 26. a4 Ba6 27. Ba3 Bb7 28. Re1 Ne5 29. Bxb7 Qxb7 30. Nxd4 Qd5 31. Rcd1 Nc5 32. Bxc5 Rxc5 33. f4 Nd7 34. Ne6 1-0

[Event "2nd European Youth GP 2017"]
[Site "Jermuk"]
[Date "2017.10.05"]
[Round "2"]
[White "Pogosyan, Stefan"]
[Black "Zarubitski, Viachaslau"]
[Result "1-0"]
[ECO "D11"]
[WhiteElo "2368"]
[BlackElo "2311"]
[Annotator "NA"]
[PlyCount "65"]
[EventDate "2017.??.??"]
[EventType "tourn"]
[EventCountry "ARM"]
[SourceTitle "playchess.com"]
[Source "ChessBase"]
[SourceQuality "1"]
[TimeControl "5400+30"]

1. d4 d5 2. c4 c6 3. Nf3 Nf6 4. Qc2 dxc4 5. Qxc4 Bf5 6. Nc3 Nbd7 7. g3 e6 8. Bg2 Be7 9. O-O O-O 10. Re1 Ne4 11. Bf4 Qb6 12. Qb3 Rfd8 13. Nh4 Bxh4 14. gxh4 Nxc3 15. bxc3 e5 16. dxe5 Be6 17. c4 Qa6 18. Rac1 Nf8 19. h5 Rd4 20. Qg3 h6 21. e3 Rxc4 22. Bf1 Kh8 23. Bxc4 Bxc4 24. Kh1 Ne6 25. Bxh6 gxh6 26. Qh4 Bd3 27. Qf6+ Kg8 28. Rg1+ Ng5 29. Rxg5+ hxg5 30. h6 Kf8 31. e6 Be4+ 32. Kg1 Bg6 33. h7 1-0

[Event "2nd European Youth GP 2017"]
[Site "Jermuk"]
[Date "2017.10.05"]
[Round "2"]
[White "Shubin, Kirill"]
[Black "Kaasen, Tor Fredrik"]
[Result "1-0"]
[ECO "B40"]
[WhiteElo "2359"]
[BlackElo "2371"]
[Annotator "NA"]
[PlyCount "115"]
[EventDate "2017.??.??"]
[EventType "tourn"]
[EventCountry "ARM"]
[SourceTitle "playchess.com"]
[Source "ChessBase"]
[SourceQuality "1"]
[TimeControl "5400+30"]

1. e4 c5 2. Nf3 e6 3. g3 Nc6 4. Bg2 Nf6 5. Qe2 d6 6. c3 e5 7. O-O Be7 8. Rd1 O-O 9. d4 Qc7 10. dxc5 dxc5 11. Na3 h6 12. Nh4 Bg4 13. f3 Be6 14. Nf5 Rfd8 15. Nxe7+ Qxe7 16. Be3 Rxd1+ 17. Rxd1 Bxa2 18. Qb5 Rd8 19. Ra1 Be6 20. Bxc5 Qd7 21. Be3 a6 22. Qb6 Qc8 23. Bf2 Rd3 24. Be1 Rd4 25. Nb5 Rd3 26. Na7 Nxa7 27. Qxa7 Qd7 28. Qf2 Nh7 29. h4 Nf6 30. Bf1 Rd6 31. Be2 Bb3 32. c4 Qc8 33. c5 Rc6 34. Ra3 Be6 35. b4 Ne8 36. f4 exf4 37. gxf4 Bg4 38. Bc4 Be6 39. Bd3 Bg4 40. f5 Nf6 41. e5 Nd5 42. Be4 Ne7 43. Bxc6 Nxc6 44. e6 Ne5 45. Qf4 f6 46. Bc3 Nf3+ 47. Kf2 h5 48. Bxf6 gxf6 49. Rxf3 Bxf3 50. Qxf3 Qd8 51. Qg3+ Kh8 52. Qd6 Qg8 53. e7 Qa2+ 54. Ke3 Qa3+ 55. Qd3 Qc1+ 56. Ke2 Qb2+ 57. Qd2 Qe5+ 58. Qe3 1-0

[Event "2nd European Youth GP 2017"]
[Site "Jermuk"]
[Date "2017.10.05"]
[Round "2"]
[White "Nesterov, Arseniy"]
[Black "Pultinevicius, Paulius"]
[Result "1-0"]
[ECO "D80"]
[WhiteElo "2350"]
[BlackElo "2387"]
[Annotator "NA"]
[PlyCount "79"]
[EventDate "2017.??.??"]
[EventType "tourn"]
[EventCountry "ARM"]
[SourceTitle "playchess.com"]
[Source "ChessBase"]
[SourceQuality "1"]
[TimeControl "5400+30"]

1. d4 Nf6 2. c4 g6 3. Nc3 d5 4. Bg5 Ne4 5. Bh4 Nxc3 6. bxc3 dxc4 7. Qa4+ Nd7 8. e4 Bg7 9. Bxc4 c5 10. Ne2 O-O 11. Qa3 Qc7 12. Rc1 Rb8 13. Bxe7 Re8 14. Bh4 Bf8 15. Bg3 Bd6 16. Qb3 Rxe4 17. Bxf7+ Kg7 18. Qd5 Rxe2+ 19. Kxe2 Bf4 20. Be6 Nf6 21. Bxf4 Qxf4 22. Qe5 Qxe5+ 23. dxe5 Bxe6 24. exf6+ Kxf6 25. Rc2 b5 26. Rd1 Rb6 27. Rb2 Ra6 28. Ke3 Ra3 29. Rxb5 Rxc3+ 30. Kd2 Ra3 31. Rxc5 Rxa2+ 32. Rc2 Ra6 33. Rc3 h5 34. Ke3 h4 35. Rd4 g5 36. h3 Ke5 37. f4+ Kf6 38. fxg5+ Kxg5 39. Rc5+ Bf5 40. Rg4+ 1-0

[Event "2nd European Youth GP 2017"]
[Site "Jermuk"]
[Date "2017.10.06"]
[Round "3"]
[White "Zarubitski, Viachaslau"]
[Black "Shubin, Kirill"]
[Result "1/2-1/2"]
[ECO "C15"]
[WhiteElo "2311"]
[BlackElo "2359"]
[Annotator "NA RC"]
[PlyCount "117"]
[EventDate "2017.??.??"]
[EventType "tourn"]
[EventCountry "ARM"]
[SourceTitle "playchess.com"]
[Source "ChessBase"]
[SourceQuality "1"]
[TimeControl "5400+30"]

1. e4 e6 2. d4 d5 3. Nc3 Bb4 4. exd5 exd5 5. Bd3 c6 6. Nge2 Ne7 7. Ng3 {[%emt 0:00:49] C01: French: Exchange Variation} O-O 8. O-O {[%emt 0:00:22] LiveBook: 19 Games} Ng6 9. a3 $146 ({Predecessor:} 9. Qh5 Nd7 10. Bg5 Nf6 11. Qf3 Be7 12. Nf5 Bxf5 13. Qxf5 Ne8 14. Be3 Nd6 {0-1 (74) Cheparinov,I (2672)-Rapport,R (2676) Camarinas 2013}) 9... Bd6 10. Nf5 Bxf5 11. Bxf5 Nd7 12. g3 Nf6 13. Bg5 h6 14. Be3 Re8 15. Qf3 Nh7 16. h4 Qf6 17. Kg2 Re7 18. Rfe1 Rae8 19. Bd3 Ngf8 20. Nb1 Qxf3+ 21. Kxf3 Ne6 22. c3 f5 23. Nd2 Rf8 24. Bf4 Nxf4 25. Rxe7 Nxd3 26. Rd7 Rf6 27. Ke2 $1 Nxb2 28. Rxb7 Re6+ 29. Kf1 Na4 30. Rxa7 Nxc3 31. Rc1 (31. Ra6 $11) 31... Nb5 32. Ra8+ Kf7 33. Rxc6 Nxd4 34. Rc3 Nb5 35. Rb3 Nxa3 36. Ra7+ Kf6 37. Raxa3 Bxa3 38. Rxa3 Nf8 39. Rd3 (39. Ra8 $11 Nd7 40. Nf3) 39... Rd6 $1 40. Nc4 Rd8 $1 41. f4 Ne6 42. Ne5 g5 43. hxg5+ hxg5 44. Nc6 Rd6 45. Nb4 d4 ({Much weaker is} 45... gxf4 $6 46. Nxd5+ Kg5 47. Nxf4 $11) 46. fxg5+ Nxg5 47. Ra3 Ne4 48. Ke2 Kg5 49. Kf3 Rb6 50. Nc2 $2 {[%emt 0:00:40] [#]} (50. Nd3 $15) 50... Rb3+ $2 (50... Rb2 $1 $19 51. Rd3 Rxc2 52. Rxd4 Rc3+ 53. Ke2 Nxg3+ 54. Kd2 Ra3) 51. Rxb3 Nd2+ 52. Ke2 Nxb3 53. Kd3 Kg4 54. Kc4 d3 55. Kxd3 $11 Kxg3 56. Ne3 Nc1+ 57. Kc2 f4 58. Nd5 f3 59. Kxc1 1/2-1/2

[Event "2nd European Youth GP 2017"]
[Site "Jermuk"]
[Date "2017.10.07"]
[Round "5"]
[White "Gharibyan, Mamikon"]
[Black "Pogosyan, Stefan"]
[Result "1-0"]
[ECO "E10"]
[WhiteElo "2346"]
[BlackElo "2368"]
[Annotator "ChessBase"]
[PlyCount "63"]
[EventDate "2017.??.??"]
[EventType "tourn"]
[EventCountry "ARM"]
[SourceTitle "playchess.com"]
[Source "ChessBase"]
[SourceQuality "1"]
[TimeControl "5400+30"]

1. d4 Nf6 2. Nf3 e6 3. c4 c5 4. d5 b5 5. dxe6 fxe6 6. Nc3 a6 7. e4 b4 8. e5 bxc3 9. exf6 Qxf6 10. Bg5 Qf7 11. Bd3 Nc6 12. bxc3 d6 13. O-O Be7 14. Be4 Bd7 15. Rb1 Rd8 16. Qd3 Bxg5 17. Nxg5 Qf6 18. Bxc6 Bxc6 19. Nxe6 Rc8 20. Nc7+ Kf7 21. Nd5 Bxd5 22. Qxd5+ Kg6 23. Qd3+ Kh6 24. f4 Rc7 25. Qh3+ Kg6 26. f5+ Kf7 27. Qh5+ Ke7 28. Rfe1+ Kd7 29. Re6 Qxc3 30. Qf7+ Kc6 31. Rxd6+ Kxd6 32. Qe6# {[%emt 0:00:03] Kd5} 1-0

[Event "2nd European Youth GP 2017"]
[Site "Jermuk"]
[Date "2017.10.07"]
[Round "5"]
[White "Zarubitski, Viachaslau"]
[Black "Nesterov, Arseniy"]
[Result "1/2-1/2"]
[ECO "C77"]
[WhiteElo "2311"]
[BlackElo "2350"]
[Annotator "NA"]
[PlyCount "192"]
[EventDate "2017.??.??"]
[EventType "tourn"]
[EventCountry "ARM"]
[SourceTitle "playchess.com"]
[Source "ChessBase"]
[SourceQuality "1"]
[TimeControl "5400+30"]

1. e4 e5 2. Nf3 Nc6 3. Bb5 a6 4. Ba4 Nf6 5. O-O b5 6. Bb3 Bc5 7. Nc3 d6 {[%emt 0:01:50] C77: Ruy Lopez: 3...a6 4 Ba4 Nf6, unusual lines} (7... O-O 8. d3 d6 9. Nd5 h6 10. c3 Rb8 11. Re1 Ba7 12. Be3 Bxe3 13. Nxe3 Re8 14. a4 b4 15. a5 bxc3 16. bxc3 {½-½ (66) Anand,V (2783)-Carlsen,M (2822) Saint Louis 2017}) 8. Nd5 h6 9. c3 {[%emt 0:02:16] LiveBook: 8 Games} Ba7 ({Viel schwächer wäre} 9... Nxe4 10. d4 $16) 10. d4 Bd7 $146 ({Predecessor:} 10... O-O 11. Nxf6+ Qxf6 12. Bd5 Bd7 13. Be3 Rad8 14. a4 exd4 15. cxd4 {1-0 (29) Jovanovic,Z (2529)-Rusche,J (2263) Schwarzach 2016}) 11. dxe5 Nxe5 12. Nxe5 dxe5 13. Qf3 c6 $1 14. Nxf6+ Qxf6 15. Qxf6 gxf6 16. Kh1 Be6 17. f4 Ke7 18. fxe5 fxe5 19. Bd2 f6 20. Bxe6 Kxe6 21. Rf3 Bc5 22. Raf1 Be7 23. Kg1 Rad8 24. Be3 Rd3 25. Kf2 c5 26. Rh3 $11 Rg8 27. g3 Rg4 28. Kf3 Rg6 29. Ke2 c4 30. Rh4 Bf8 31. Rf5 a5 32. Rf1 Kf7 33. Rd1 Rxd1 34. Kxd1 Ke6 35. Ke2 b4 36. Rh5 Rg4 37. Bxh6 Bxh6 38. Rxh6 Rxe4+ 39. Kd2 Rg4 40. Rh8 Rg7 41. cxb4 axb4 42. Rb8 Rd7+ 43. Kc2 Rh7 44. h4 Rg7 45. Rxb4 Kd5 46. a4 Rxg3 47. a5 Rg2+ 48. Kc3 Rg3+ 49. Kd2 Kc5 50. Rb8 Rg2+ 51. Ke3 Rg3+ 52. Kf2 Rg7 53. h5 Ra7 54. h6 Rh7 55. a6 Kc6 56. Kf3 f5 57. Ke3 Kc5 58. Kf3 Kc6 59. Ke2 Kc5 60. Ke3 Kc6 61. Ke2 Kc5 62. Kf2 Kc6 63. Kf3 Kc5 64. Kg2 Kc6 65. Rb4 e4 66. Ra4 Rh8 67. a7 Ra8 68. h7 Kb7 69. Kg3 e3 70. Kf3 f4 71. Ke2 f3+ 72. Kxe3 Re8+ 73. Kxf3 Ka8 74. Rxc4 Rh8 75. Ra4 Rxh7 76. Ke3 Rb7 77. Ra2 Rd7 78. Ke2 Rd6 79. Ke3 Rd7 80. Ke4 Rd2 81. Ke5 Rd7 82. Ke6 Rd2 83. Ke7 Rd4 84. Ra3 Rb4 85. Ra2 Rd4 86. Ra3 Rb4 87. b3 Rd4 88. Ra5 Rb4 89. Ra3 Rd4 90. Ke6 Rd3 91. Ke5 Rd7 92. Ra4 Rb7 93. Ra3 Rxa7 94. Rxa7+ Kxa7 95. Kd4 Kb6 96. Kc4 Kc6 1/2-1/2

[Event "2nd European Youth GP 2017"]
[Site "Jermuk"]
[Date "2017.10.09"]
[Round "6"]
[White "Nesterov, Arseniy"]
[Black "Shubin, Kirill"]
[Result "1-0"]
[ECO "E11"]
[WhiteElo "2350"]
[BlackElo "2359"]
[Annotator "NA"]
[PlyCount "79"]
[EventDate "2017.??.??"]
[EventType "tourn"]
[EventCountry "ARM"]
[SourceTitle "playchess.com"]
[Source "ChessBase"]
[SourceQuality "1"]
[TimeControl "5400+30"]

1. d4 e6 2. c4 Nf6 3. Nf3 Bb4+ 4. Bd2 a5 5. g3 d6 6. Bg2 Nbd7 7. O-O e5 8. Nc3 exd4 9. Nxd4 O-O 10. Nd5 {[%emt 0:03:19] E11: Bogo-Indian} Bxd2 {[%emt 0:05:37] LiveBook: 9 Games} 11. Qxd2 c6 12. Nc3 Ne5 $146 {[%emt 0:11:46] [#]} ({Predecessor:} 12... Nc5 13. Nb3 Be6 14. Rfd1 Nxb3 15. axb3 Qb6 16. Qc2 Rfd8 17. Rd2 d5 {½-½ (102) Sargissian,G (2618)-Spraggett,K (2536) Moscow 2004}) 13. b3 $1 h5 14. Rfd1 Qc7 15. Nf3 Nxf3+ 16. Bxf3 Rd8 17. Qf4 Qe7 18. Rd2 Bg4 19. Rad1 Bxf3 20. exf3 Ne8 21. Ne4 a4 22. Nxd6 Nxd6 23. Rxd6 Rxd6 24. Rxd6 axb3 25. axb3 h4 26. Kg2 hxg3 27. hxg3 Re8 28. c5 f6 29. b4 Qf7 30. Qd4 Re1 31. Qd2 Re8 32. Qd3 Re1 33. Rd8+ Re8 34. Rd4 Re7 35. Rh4 g6 36. Rd4 Kg7 37. Rd6 Rc7 38. Qd4 $18 Re7 39. g4 g5 40. f4 1-0

[Event "2nd European Youth GP 2017"]
[Site "Jermuk"]
[Date "2017.10.09"]
[Round "6"]
[White "Gharibyan, Mamikon"]
[Black "Pultinevicius, Paulius"]
[Result "1-0"]
[ECO "E10"]
[WhiteElo "2346"]
[BlackElo "2387"]
[Annotator "NA"]
[PlyCount "55"]
[EventDate "2017.??.??"]
[EventType "tourn"]
[EventCountry "ARM"]
[SourceTitle "playchess.com"]
[Source "ChessBase"]
[SourceQuality "1"]
[TimeControl "5400+30"]

1. d4 Nf6 2. Nf3 e6 3. c4 a6 4. e3 d5 5. b3 {[%emt 0:05:25] LiveBook: 141 Games D30: Queen's Gambit Declined: Systems without Nc3} Bb4+ (5... Nbd7 6. Bb2 b6 7. Nc3 Bb7 8. Bd3 Bd6 9. O-O O-O 10. Qe2 c5 11. cxd5 exd5 12. Rfd1 Re8 13. Rac1 Qb8 14. Bf5 cxd4 15. Rxd4 Ne5 16. Na4 b5 17. Nb6 Ra7 {½-½ (57) Laznicka,V (2664)-Naiditsch,A (2710) Linares 2017}) 6. Nbd2 O-O 7. Bb2 b6 8. Bd3 Bb7 9. O-O Ne4 10. Rc1 $146 ({Predecessor:} 10. Qc2 f5 11. a3 Bd6 12. b4 Nxd2 13. Nxd2 dxc4 14. Nxc4 Bxh2+ 15. Kxh2 {1-0 (30) Baumegger,S (2389)-Hoelzl,F (2325) Vienna 2010}) 10... Nd7 11. Qc2 Ndf6 12. Rfd1 Rc8 13. Nf1 Be7 14. Qe2 Ng4 15. Bxe4 $1 dxe4 16. Ne5 Nf6 17. Ng3 Nd7 18. d5 $11 Nxe5 19. Bxe5 exd5 20. cxd5 Ba3 21. Rc4 Qe8 22. Ba1 f5 23. Nh5 Rf7 24. Bxg7 Qb5 25. Bb2 Bxb2 26. Qxb2 Bxd5 27. a4 Qa5 28. b4 1-0

[Event "2nd European Youth GP 2017"]
[Site "Jermuk"]
[Date "2017.10.11"]
[Round "7"]
[White "Pultinevicius, Paulius"]
[Black "Pogosyan, Stefan"]
[Result "1-0"]
[ECO "A05"]
[WhiteElo "2387"]
[BlackElo "2368"]
[Annotator "NA"]
[PlyCount "81"]
[EventDate "2017.??.??"]
[EventType "tourn"]
[EventCountry "ARM"]
[SourceTitle "playchess.com"]
[Source "ChessBase"]
[SourceQuality "1"]
[TimeControl "5400+30"]

1. Nf3 Nf6 2. g3 d5 3. Bg2 b5 4. O-O e6 5. d3 Bb7 6. Nbd2 Be7 7. e4 c5 8. Re1 Nc6 9. Qe2 O-O 10. e5 Nd7 11. Nf1 a5 12. h4 a4 13. a3 {[%emt 0:12:47] C00: French: Unusual White 2nd moves} b4 14. Bf4 c4 {[%emt 0:04:58] [#]} 15. d4 $146 ({Predecessor:} 15. dxc4 Ba6 16. Ne3 bxa3 17. bxa3 Rc8 18. Qd2 dxc4 19. Red1 Nb6 20. Qe2 Qc7 {1-0 (40) Dvoretzky,M (2525)-Lebredo Zarragoitia,G (2385) Vilnius 1978}) 15... c3 16. bxc3 b3 17. cxb3 axb3 18. Reb1 Ba6 19. Qe3 Na5 20. N1d2 Rb8 21. Bf1 Bxf1 22. Kxf1 Nb6 23. a4 Qd7 24. Bg5 {[%emt 0:00:47] [#]} Bxg5 (24... Nbc4 $1 $19 {[%cal Rc4e3] and Black stays clearly on top.} 25. Qe2 Bxg5 26. Nxc4 Nxc4 27. hxg5 Qc7) 25. hxg5 b2 26. Ra2 ({Avoid the trap} 26. Rxb2 $2 Nbc4 $19) 26... Nxa4 $17 27. Kg2 Nb3 28. Rh1 Nxd2 29. Nxd2 Rfc8 30. Ra3 Qb5 31. g4 Kf8 32. Rxh7 Ke7 33. g6 Rh8 34. Rxg7 b1=Q 35. Rxf7+ Ke8 36. Nxb1 Qxb1 37. Rh7 Rxh7 38. gxh7 Kd7 39. Rxa4 Rh8 40. Ra7+ Kc6 41. Qe2 1-0

[Event "2nd European Youth GP 2017"]
[Site "Jermuk"]
[Date "2017.10.11"]
[Round "7"]
[White "Kacharava, Nikolozi"]
[Black "Gharibyan, Mamikon"]
[Result "1/2-1/2"]
[ECO "C54"]
[WhiteElo "2206"]
[BlackElo "2346"]
[Annotator "NA"]
[PlyCount "71"]
[EventDate "2017.??.??"]
[EventType "tourn"]
[EventCountry "ARM"]
[SourceTitle "playchess.com"]
[Source "ChessBase"]
[SourceQuality "1"]
[TimeControl "5400+30"]

1. e4 e5 2. Nf3 Nc6 3. Bc4 Bc5 4. c3 Nf6 5. d3 d6 6. Nbd2 O-O 7. O-O a5 {[%emt 0:00:36] C54: Giuoco Piano: 4 c3 Nf6, main lines with 5 d4 and 5 d3} 8. Re1 h6 (8... Be6 9. Bb5 Qb8 10. Nf1 Qa7 11. Be3 Bxe3 12. Nxe3 Ne7 13. a4 Ng6 14. Bc4 Bxc4 15. Nxc4 {½-½ (47) So,W (2810)-Ding,L (2777) Tbilisi 2017}) 9. Nf1 Ne7 10. Ng3 $146 ({Predecessor:} 10. d4 exd4 11. cxd4 Bb6 12. Ng3 Ng6 13. Bd3 Bg4 14. Be3 Ne7 15. h3 {1-0 (44) Plotkin,V (2191)-Derraugh,G Ottawa 2007}) 10... Ng6 11. h3 c6 12. Bb3 Re8 13. d4 exd4 14. cxd4 Bb6 15. Qc2 Be6 16. Bxe6 Rxe6 17. Be3 d5 18. e5 Nd7 19. Nf5 Qf8 20. Rac1 Bc7 21. Nh2 c5 22. f4 $16 Rc6 23. Qe2 Bb6 24. Qg4 h5 25. Qxh5 cxd4 26. Rxc6 bxc6 27. Bd2 d3+ 28. Kh1 Nc5 29. Ng4 Ne4 30. Rxe4 dxe4 31. Nf6+ gxf6 32. Nh6+ Kg7 33. Nf5+ Kg8 34. Nh6+ Kg7 35. Nf5+ Kg8 36. Nh6+ 1/2-1/2

[Event "2nd European Youth GP 2017"]
[Site "Jermuk"]
[Date "2017.10.12"]
[Round "8"]
[White "Pultinevicius, Paulius"]
[Black "Kacharava, Nikolozi"]
[Result "1-0"]
[ECO "D41"]
[WhiteElo "2387"]
[BlackElo "2206"]
[Annotator "NA"]
[PlyCount "95"]
[EventDate "2017.??.??"]
[EventType "tourn"]
[EventCountry "ARM"]
[SourceTitle "playchess.com"]
[Source "ChessBase"]
[SourceQuality "1"]
[TimeControl "5400+30"]

1. Nf3 Nf6 2. c4 e6 3. Nc3 d5 4. d4 c5 5. cxd5 Nxd5 6. e4 Nxc3 7. bxc3 cxd4 8. cxd4 Bb4+ 9. Bd2 Bxd2+ 10. Qxd2 O-O 11. Bc4 Nd7 {[%emt 0:00:59] LiveBook: 326 Games} 12. O-O {[%emt 0:03:09] D41: Queen's Gambit Declined: Semi-Tarrasch with 5 cxd5} b6 13. Rac1 (13. d5 Nc5 14. Rfe1 Bb7 15. Rad1 exd5 16. exd5 Qf6 17. Qe3 Rad8 18. h4 h6 19. h5 Rd6 {½-½ (55) Aronian,L (2799)-Matlakov,M (2728) Tbilisi 2017}) 13... Bb7 14. Rfe1 Qe7 15. a4 $146 ({Predecessor:} 15. d5 exd5 16. Bxd5 Bxd5 17. exd5 Qd8 18. d6 Nc5 19. Re7 {0-1 (39) Mas Recorda,P (2023)-Ruiz Mata,O (2314) Cerdanyola del Valles 2012}) 15... Rac8 16. Bd3 Nf6 17. Rb1 Qa3 18. a5 b5 19. e5 Ng4 20. Ng5 h6 21. Bh7+ Kh8 22. Be4 hxg5 23. Bxb7 Rc7 24. a6 Qa4 25. d5 Rc2 26. Qxg5 Rxf2 $2 (26... Qd4 $16 {is a better chance.} 27. Qh4+ Kg8) 27. h3 Qd4 28. hxg4 Rf4+ 29. Kh1 Rxg4 {[%emt 0:00:31] [#]} 30. Qe3 $1 Rh4+ 31. Kg1 Qg4 32. d6 Rh6 33. Bf3 Qh4 34. Qe4 Qh2+ 35. Kf2 f5 36. Qd4 Rc8 37. Rbc1 Rxc1 38. Rxc1 Rh4 39. Qe3 Rb4 40. d7 Qh4+ 41. Kg1 Rd4 42. Rd1 Rxd1+ 43. Bxd1 Kg8 44. Qd2 Qd8 45. Qd6 Kh7 46. Bb3 Qg5 47. d8=Q Qe3+ 48. Kf1 1-0

[Event "2nd European Youth GP 2017"]
[Site "Jermuk"]
[Date "2017.10.12"]
[Round "8"]
[White "Pogosyan, Stefan"]
[Black "Nesterov, Arseniy"]
[Result "0-1"]
[ECO "D47"]
[WhiteElo "2368"]
[BlackElo "2350"]
[Annotator "NA"]
[PlyCount "122"]
[EventDate "2017.??.??"]
[EventType "tourn"]
[EventCountry "ARM"]
[SourceTitle "playchess.com"]
[Source "ChessBase"]
[SourceQuality "1"]
[TimeControl "5400+30"]

1. d4 d5 2. c4 c6 3. Nc3 Nf6 4. Nf3 e6 5. e3 Nbd7 6. Bd3 dxc4 7. Bxc4 b5 8. Bd3 Bb7 9. e4 b4 $1 10. Na4 {[%emt 0:03:30] LiveBook: 846 Games} c5 11. Nxc5 {[%emt 0:03:31] D47: Semi-Slav: Meran System} (11. e5 Nd5 12. dxc5 Nxc5 13. Nxc5 Bxc5 14. O-O Be7 15. Qe2 Qb6 16. Ng5 h6 17. Ne4 Rd8 18. Qf3 Ba6 19. Rd1 O-O 20. Qg3 Kh8 21. Qh3 Kg8 22. Bxh6 gxh6 23. Qxh6 f5 24. Qg6+ Kh8 25. Qh6+ Kg8 26. Qg6+ Kh8 27. Qh6+ {½-½ (27) Aronian,L (2777)-Karjakin,S (2760) Zuerich 2015}) 11... Bxc5 12. dxc5 Nxc5 13. Bb5+ Ke7 14. Qxd8+ Rhxd8 15. e5 Ng4 $146 ({Predecessor:} 15... Nd5 16. O-O h6 17. Bc4 a5 18. b3 Rac8 {0-1 (65) Fridbertsson,A (2200)-Thorsteins,K (2495) Reykjavik 1997}) 16. Bg5+ f6 17. Bd2 a5 18. h3 Bxf3 19. hxg4 Be4 20. exf6+ Kxf6 21. Rh5 Nd3+ 22. Ke2 Kf7 23. Bg5 Rd5 24. Bc6 Rc8 25. Bxd5 Rc2+ 26. Ke3 exd5 27. f3 Bg6 28. Rhh1 h6 29. Bh4 Nxb2 30. Rhc1 Rc4 31. f4 d4+ 32. Kd2 Be4 33. Rab1 Bxb1 34. Rxb1 Na4 35. Kd3 Rc3+ 36. Kxd4 Rc2 37. Re1 Rxa2 ({Much less strong is} 37... Rxg2 38. Re7+ Kg8 39. Re8+ Kh7 40. g5 $19) 38. Re7+ Kf8 39. Rb7 Rxg2 40. Be7+ Kg8 41. Rb5 Rxg4 42. Ke5 Nb2 43. Kf5 Rg3 44. Rxa5 b3 45. Rb5 Nc4 46. Bc5 b2 47. Rb8+ Kh7 48. Bd4 Rg2 49. Ke6 {[%emt 0:00:54] [#]} Rg6+ $19 (49... Nb6 $1 50. Bxb2 (50. Rxb6 Rg6+) 50... Rxb2) 50. Kf5 Rg2 51. Ke6 Rd2 52. Bc3 Re2+ 53. Kd5 Ne3+ 54. Kd6 Rc2 55. Be5 h5 56. Ke6 h4 57. Bxb2 h3 58. Rb7 Rg2 59. f5 h2 60. f6 h1=Q 61. f7 Rg6+ 0-1

[Event "2nd European Youth GP 2017"]
[Site "Jermuk"]
[Date "2017.10.12"]
[Round "8"]
[White "Gharibyan, Mamikon"]
[Black "Kaasen, Tor Fredrik"]
[Result "0-1"]
[ECO "D25"]
[WhiteElo "2346"]
[BlackElo "2371"]
[Annotator "NA"]
[PlyCount "88"]
[EventDate "2017.??.??"]
[EventType "tourn"]
[EventCountry "ARM"]
[SourceTitle "playchess.com"]
[Source "ChessBase"]
[SourceQuality "1"]
[TimeControl "5400+30"]

1. d4 d5 2. c4 dxc4 3. Nf3 Nf6 4. e3 b5 5. a4 {[%emt 0:01:26] LiveBook: 181 Games D25: Queen's Gambit Accepted: 4 e3: sidelines and 4...Bg4} b4 $1 6. Bxc4 e6 7. O-O Be7 8. Bb5+ (8. Nbd2 O-O 9. b3 Bb7 10. Bb2 Nbd7 11. Qe2 c5 {1-0 (36) Riazantsev,A (2671)-Piorun,K (2657) Tallinn 2016}) 8... c6 9. Bd3 O-O 10. Qe2 $146 ({Predecessor:} 10. e4 Bb7 11. e5 Nd5 12. h4 Nd7 {0-1 (33) Greenfeld,A (2568)-Westerberg,J (2488) Gothenburg 2016}) 10... Bb7 11. Rd1 Nbd7 12. b3 Rc8 13. Bb2 Qc7 14. Nbd2 Rfd8 15. Rac1 Qb8 16. e4 c5 17. d5 exd5 18. e5 {[%emt 0:08:21] [#]} Nh5 $1 19. g3 Nf8 20. Nh4 Bxh4 21. Qxh5 Be7 22. Re1 (22. e6 $17 fxe6 23. Re1) 22... g6 23. Qg4 Ne6 24. Bf1 Ba8 25. Bg2 Qb6 26. Qe2 a5 27. Red1 Bb7 28. Qb5 Qa7 29. h4 Rc7 30. Qe2 Ba6 31. Qe3 c4 32. Qxa7 Rxa7 33. bxc4 dxc4 34. Ne4 c3 35. Rxd8+ Bxd8 36. Nxc3 bxc3 37. Rxc3 Rc7 38. Rb3 Rc8 39. Bd5 Bc7 40. f4 Rd8 41. Bc6 (41. Bf3 $142 Nc5 42. Ra3) 41... Rd1+ 42. Kg2 $19 Nc5 43. Rc3 Rd2+ 44. Kf3 Be2+ 0-1

[Event "2nd European Youth GP 2017"]
[Site "Jermuk"]
[Date "2017.10.14"]
[Round "10"]
[White "Pultinevicius, Paulius"]
[Black "Zarubitski, Viachaslau"]
[Result "1/2-1/2"]
[ECO "A05"]
[WhiteElo "2387"]
[BlackElo "2311"]
[Annotator "NA"]
[PlyCount "36"]
[EventDate "2017.??.??"]
[EventType "tourn"]
[EventCountry "ARM"]
[SourceTitle "playchess.com"]
[Source "ChessBase"]
[SourceQuality "1"]
[TimeControl "5400+30"]

1. Nf3 Nf6 2. b3 d5 3. Bb2 Bf5 4. e3 e6 5. Be2 {[%emt 0:01:17] LiveBook: 102 Games} h6 6. O-O Bd6 7. d3 O-O 8. Ne5 Nfd7 9. Nf3 Nf6 10. Ne5 Nfd7 11. Nf3 c5 12. c4 Nc6 13. cxd5 exd5 14. Nc3 Nf6 15. d4 $11 cxd4 16. Nxd4 Nxd4 17. Qxd4 Re8 18. Rfd1 Be5 1/2-1/2